 Dungeon Crawl Stone Soup version 0.19.1 (webtiles) character file.

1109596 TheSquall the Invulnerable (level 27, -4/245 HPs)
             Began as a Minotaur Fighter on Dec 7, 2016.
             Was the Champion of the Shining One.
             Killed from afar by a Brimstone Fiend (16 damage)
             ... with damnation
             ... created by the effects of Hell
             ... on level 7 of the Iron City of Dis on Dec 8, 2016.
             The game lasted 06:29:45 (115971 turns).

TheSquall the Invulnerable (Minotaur Fighter)     Turns: 115971, Time: 06:29:45

Health: -4/245     AC: 55    Str: 28 (29) XL:     27
Magic:  11/31      EV: 29    Int: 11      God:    the Shining One [******]
Gold:   10119      SH: 53    Dex: 27 (28) Spells: 0 memorised, 26 levels left

rFire  + + .     SeeInvis +     P - +9 double sword (holy)
rCold  . . .     Gourm    .     e - +8 orange crystal plate armour {Archmagi, Int+3 Clar}
rNeg   + + +     Faith    .     R - +8 large shield {reflect}
rPois  +         Spirit   .     G - +2 hat {SInv}
rElec  +         Reflect  +     V - +0 cloak "Nuqi" {Str+2 Dex+5 Slay+3}
rCorr  .         Harm     .     m - +3 pair of gauntlets of War {Slay+5}
MR     +++..     Clarity  +     a - +5 pair of boots of Patience {rPois}
Stlth  +.........               I - amulet of regeneration
                                h - ring of Hotarawo {rF+ MR+ Str+4 Dex+5}
                                u - ring of the Queen {rElec rF+ Str-2}

@: divine shield, starving, glowing
A: retaliatory headbutt, horns 2, talons 1, berserk 1, blurry vision 1, clever
1, deterioration 2, frail 1, low mp 2, screaming 2, subdued magic 1
a: Divine Shield, Cleansing Flame, Summon Divine Warrior, Renounce Religion
}: 9/15 runes: decaying, slimy, silver, golden, obsidian, icy, bone, abyssal,
gossamer


You were on level 7 of the Iron City of Dis.
You worshipped the Shining One.
The Shining One was exalted by your worship.
You were starving.

You visited 17 branches of the dungeon, and saw 85 of its levels.
You visited the Abyss 4 times.
You also visited: Ice Cave.

You collected 13366 gold pieces.
You spent 3247 gold pieces at shops.

Inventory:

Hand Weapons
 o - the +9 long sword of Sycin {flame, rN++}
   (You took it off a deep elf knight on level 2 of the Elven Halls)

   It has been specially enchanted to burn those struck by it, causing extra
   injury to most foes and up to half again as much damage against particularly
   susceptible opponents.
   Big, fiery blades are also staple armaments of hydra-hunters.
   It greatly protects you from negative energy.
 t - the +10 falchion of Slime {speed, rF+ rC++ Dex+3 Stlth-}
   (You took it off an ironheart preserver on level 5 of the Vaults)

   Attacks with this weapon are significantly faster.
   It affects your dexterity (+3).
   It protects you from fire.
   It greatly protects you from cold.
   It makes you less stealthy.
 P - a +9 double sword of holy wrath (weapon)
 S - the +6 falchion of Raakuqy {freeze, -Tele +Fly rF+ Int+5}
   (You found it on level 2 of the Abyss)

   It has been specially enchanted to freeze those struck by it, causing extra
   injury to most foes and up to half again as much damage against particularly
   susceptible opponents.
   It can also slow down cold-blooded creatures.
   It affects your intelligence (+5).
   It protects you from fire.
   It lets you fly.
   It prevents most forms of teleportation.
Armour
 a - the +5 pair of boots of Patience (worn) {rPois}
   (Okawaru gifted it to you on level 1 of the Elven Halls)

   It protects you from poison.
 e - the +8 orange crystal plate armour (worn) {Archmagi, Int+3 Clar}
   (You took it off a deep elf high priest on level 3 of the Elven Halls)

   It affects your intelligence (+3).
   It protects you against confusion.
 m - the +3 pair of gauntlets of War (worn) {Slay+5}
   (You bought it in a shop on level 12 of the Dungeon)

   It affects your accuracy and damage with ranged weapons and melee attacks
   (+5).
 q - a +2 cloak of magic resistance
 C - the +15 Maxwell's patent armour {-Cast -Tele rElec MR+ rCorr}
   (You found it on level 5 of the Pits of Slime)

   It insulates you from electricity.
   It affects your resistance to hostile enchantments.
   It prevents spellcasting.
   It prevents most forms of teleportation.
   It protects you from acid and corrosion.
 G - a +2 hat of see invisible (worn)
 N - the +2 pair of boots of Asauqimn {rPois rN+++ Dex-2 SInv}
   (You found it on level 5 of the Vaults)

   It affects your dexterity (-2).
   It protects you from poison.
   It renders you almost immune to negative energy.
   It lets you see invisible.
 R - a +8 large shield of reflection (worn)
 V - the +0 cloak "Nuqi" (worn) {Str+2 Dex+5 Slay+3}
   (Okawaru gifted it to you on level 4 of the Swamp)

   It affects your strength (+2).
   It affects your dexterity (+5).
   It affects your accuracy and damage with ranged weapons and melee attacks
   (+3).
Jewellery
 c - a +3 amulet of reflection
 h - the ring of Hotarawo (right hand) {rF+ MR+ Str+4 Dex+5}
   (You found it on level 7 of Gehenna)

   [ring of protection from magic]

   It affects your strength (+4).
   It affects your dexterity (+5).
   It protects you from fire.
   It affects your resistance to hostile enchantments.
 j - the ring "Ysob Keu" {rPois MR+ MP+9 Str+4 SInv}
   (You found it on level 3 of the Crypt)

   [ring of magical power]

   It affects your strength (+4).
   It protects you from poison.
   It affects your resistance to hostile enchantments.
   It affects your magic capacity (+9).
   It lets you see invisible.
 p - the amulet "Secikkav" {+Rage rN+ Int+3}
   (You took it off a deep elf demonologist on level 3 of the Elven Halls)

   [amulet of rage]

   It affects your intelligence (+3).
   It protects you from negative energy.
   It lets you go berserk.
 u - the ring of the Queen (left hand) {rElec rF+ Str-2}
   (You bought it in a shop on level 5 of the Depths)

   [ring of strength]

   It affects your strength (-2).
   It protects you from fire.
   It insulates you from electricity.
 v - an uncursed ring of ice
 A - a +3 amulet of reflection
 I - an amulet of regeneration (around neck)
 K - an uncursed ring of protection from magic
Wands
 b - a wand of teleportation (3/9)
 x - a wand of disintegration (10/24)
 B - a wand of teleportation (9/9)
 Q - a wand of hasting (4/9)
 U - a wand of digging (6/24)
Scrolls
 i - 5 scrolls of holy word
 k - 2 scrolls of enchant armour
 l - 3 scrolls of enchant weapon
 n - 16 scrolls of magic mapping
 y - 12 scrolls of fear
 z - 10 scrolls of fog
 L - 28 scrolls of remove curse
 Z - 4 scrolls of teleportation
Potions
 d - 2 potions of berserk rage
 s - 7 potions of flight
 w - 3 potions of curing
 F - a potion of resistance
 M - 3 potions of agility
 T - 2 potions of cure mutation
 W - 8 potions of haste
 Y - a potion of cancellation
Books
 E - Vauvut Ydghi's Grimoire of Shifting Ice
   (You found it on level 7 of Cocytus)

   Spells                             Type                      Level
   a - Beastly Appendage              Transmutation                1
   b - Summon Ice Beast               Ice/Summoning                4
   c - Petrify                        Transmutation/Earth          4
   d - Yara's Violent Unravelling     Hexes/Transmutation          5
   e - Ozocubu's Refrigeration        Ice                          6
 H - a book of Debilitation

   Spells                             Type                      Level
   a - Corona                         Hexes                        1
   b - Slow                           Hexes                        2
   c - Gell's Gravitas                Hexes/Translocation          3
   d - Inner Flame                    Hexes/Fire                   3
   e - Cause Fear                     Hexes                        4
   f - Leda's Liquefaction            Hexes/Earth                  4
Miscellaneous
 g - a figurine of a ziggurat
Comestibles
 f - 44 bread rations
 r - 42 fruits


   Skills:
 O Level 27 Fighting
 O Level 27 Long Blades
 O Level 27 Armour
 O Level 27 Dodging
 + Level 20.7 Stealth
 O Level 27 Shields
 O Level 27 Invocations


You had 26 spell levels left.
You didn't know any spells.

Dungeon Overview and Level Annotations

Branches:
Dungeon (15/15)            Temple (1/1) D:7            Lair (6/6) D:8
  Swamp (4/4) Lair:4       Spider (4/4) Lair:3        Slime (5/5) Lair:6
    Orc (2/2) D:11            Elf (3/3) Orc:2        Vaults (5/5) D:14
  Crypt (3/3) Vaults:3       Tomb (3/3) Crypt:3      Depths (5/5) D:15
   Hell (1/1)                 Dis (7/7) Hell            Geh (7/7) Hell
    Coc (7/7) Hell            Tar (7/7) Hell            Zot (0/5) Depths:5

Altars:
Ashenzari
Dithmenos
Fedhas
Gozag
Kikubaaqudgha
Makhleb
Nemelex Xobeh
Okawaru
Trog
Uskayaw
Vehumet
The Shining One
Jiyva

Shops:
D:5 *   D:7 *   D:9 *[   D:12 *[   D:13 [   Orc:1 }   Orc:2 (=[*   Elf:1 *
Elf:3 %   Vaults:1 !   Vaults:3 (   Depths:3 *   Depths:5 ==}

Portals:
Hell: Depths:1 Depths:2 Depths:3 Depths:4 Depths:5
Abyss: Depths:4
Pandemonium: Depths:3
Ziggurat: Depths:5
Trove: Elf:2 (give 9 potions of haste)


Innate Abilities, Weirdness & Mutations

You reflexively headbutt those who attack you in melee.
You have a pair of horns on your head.
You have sharp toenails.
You tend to lose your temper in combat.
Scrolls take you a little longer to read.
Your mind is acute. (Int +2)
Your body often deteriorates upon taking damage.
You are frail. (-10% HP)
Your magical capacity is very low. (-20% MP)
You sometimes yell uncontrollably at your foes.
Your spells are a little easier to cast, but a little less powerful.


Message History

You headbutt the Brimstone Fiend.
The Brimstone Fiend is lightly wounded.
You slash the Brimstone Fiend!
The Brimstone Fiend convulses.
The Brimstone Fiend is moderately wounded.
The Brimstone Fiend gestures at you.
The sphere of damnation explodes!
The damnation engulfs you!
* * * LOW HITPOINT WARNING * * *
The damnation engulfs the Brimstone Fiend.
The Brimstone Fiend completely resists.
You hit the Brimstone Fiend.
The Brimstone Fiend convulses.
You headbutt the Brimstone Fiend!
The Brimstone Fiend is moderately wounded.
You block the Brimstone Fiend's attack. The Brimstone Fiend barely misses you.
You block the Brimstone Fiend's attack.
You slash the Brimstone Fiend!
The Brimstone Fiend convulses!
Your headbutt misses the Brimstone Fiend.
The Brimstone Fiend is heavily wounded.
The Brimstone Fiend gestures at you.
The sphere of damnation explodes!
The damnation engulfs you!
You die...

..#....#....####...........####..
..#....#....#.....#######.....#..
..#....#....#.....#... #.....#..
..###'##....#..####.. ####..#..
.......#....#..#.... #..#..
..######....#..#... ...#..#..
..#....#....#..#..# #..#..#..
..'....#....#..#1)# #..#..#..
..#....#....#..#@.# #21#..#..
..#....#....#..#..# #..#..#..
..######....#..#..# #..#..#..
.......#....#..#..# #..#1.#..
.#######....#..'..# #..'..#..
.#.....#....####..........2####..
.'.....#.......#...........#.....
.#.....#.......#############.....
.#.....#.........................


You could see a Brimstone Fiend.

Vanquished Creatures
  Asmodeus (Geh:7)
  the Royal Jelly (Slime:5)
  the Serpent of Hell (Coc:7)
  Dispater (Dis:7)
  Khufu (Tomb:3)
  5 ancient liches
  Mennas (Depths:3)
  16 greater mummies
  A juggernaut (Depths:2)
  Sojobo (Depths:5)
  14 shard shrikes
  Margery (Depths:3)
  the Lernaean hydra (Swamp:4)
  Saint Roka (Elf:2)
  2 caustic shrikes (Depths:4)
  Geryon (Hell)
  A curse toe (Crypt:3)
  A profane servitor (Abyss:4)
  16 bone dragons
  2 golden dragons
  12 doom hounds
  30 Brimstone Fiends
  3 iron giants
  26 Tzitzimimeh
  8 Hell Sentinels
  17 Ice Fiends
  7 tentacled monstrosities
  23 liches
  17 titans
  4 quicksilver dragons
  Murray (Depths:1)
  3 Executioners
  The ghost of Schattenjager the Severer, an adept MiBe of Trog (Slime:3)
  6 eldritch tentacles
  12 deep elf blademasters
  21 acid blobs
  10 deep elf master archers
  14 sphinxes
  4 storm dragons
  7 ancient champions
  A draconian monk (Depths:5)
  22 tentacled starspawn
  4 thorn hunters
  9 shadow dragons
  9 tengu reavers
  2 revenants
  13 azure jellies
  27 fire giants
  9 deep elf sorcerers
  39 frost giants
  2 daevas
  8 cacodemons
  16 iron dragons
  Aizul (Vaults:1)
  16 balrugs
  24 vault wardens
  7 emperor scorpions
  A draconian scorcher (Geh:3)
  A caustic shrike zombie (Depths:4)
  4 deep elf elementalists
  2 orc warlords
  3 curse skulls
  A draconian zealot (Geh:3)
  A ghoul (Vaults:5)
  3 ghost moths
  A ghost moth (shapeshifter) (Vaults:5)
  2 angels (Abyss:4)
  79 reapers
  A draconian shifter (Abyss:2)
  26 very ugly things
  4 spriggan defenders
  2 elemental wellsprings
  36 stone giants
  16 ironheart preservers
  99 starcursed masses
  2 entropy weavers (Spider:1)
  5 war gargoyles
  10 deep elf demonologists
  10 vampire knights
  An ophan (Abyss:2)
  6 lorocyprocas
  A dire elephant (D:15)
  14 spark wasps
  6 bennus
  Azrael (Elf:1)
  A yellow draconian (Depths:5)
  The ghost of BoredOne the Apostle, a journeyman HOMo of Beogh (Orc:2)
  12 deep elf annihilators
  2 purple draconians
  3 red draconians
  3 mottled draconians
  3 white draconians
  10 deep elf death magi
  13 ettins
  10 eidola
  6 death oozes
  14 blizzard demons
  3 green deaths
  A merfolk impaler (Abyss:3)
  13 quicksilver dragon zombies
  16 great orbs of eyes
  2 crystal guardians
  11 fire dragons
  28 mummy priests
  10 jiangshi
  25 yaktaur captains
  2 quicksilver dragon skeletons
  10 deep elf high priests
  A kraken zombie (Coc:7)
  A spectral kraken (Tar:7)
  32 vault guards
  Erolcha (D:9)
  12 rakshasas
  32 ice dragons
  2 naga warriors
  3 ghost crabs
  2 hell beasts
  9 spriggan air magi
  26 hydras
  5 death knights
  22 ogre magi
  11 alligators
  7 deep troll shamans
  9 centaur warriors
  24 dancing weapons
  42 hell hogs
  9 deep troll earth magi
  The ghost of pahom328dancer the Pandemonic, a novice DsMo of Makhleb (D:11)
  83 death scarabs
  A hell hog (shapeshifter) (Vaults:5)
  7 vampire magi
  13 titan zombies
  9 tengu warriors
  89 hell knights
  41 thrashing horrors
  7 orc high priests
  3 iron golems
  23 sun demons
  25 soul eaters
  35 deep elf knights
  A fire crab (shapeshifter) (Vaults:5)
  10 storm dragon zombies
  6 titan skeletons
  9 shadow wraiths
  7 spriggan berserkers
  21 wretched stars
  3 sixfirhies
  108 skeletal warriors
  16 iron trolls
  5 storm dragon skeletons
  A spectral emperor scorpion (Spider:4)
  8 spatial maelstroms
  3 ghost moth zombies
  A spriggan druid (Swamp:4)
  2 death drakes
  10 glowing orange brains
  A sea snake (shapeshifter) (Vaults:4)
  26 shadow demons
  4 golden dragon zombies
  6 anaconda skeletons
  A glowing orange brain (shapeshifter) (Depths:3)
  5 unseen horrors
  4 hill giants
  9 anaconda zombies
  19 deep trolls
  Pikel (D:7)
  20 phantasmal warriors
  A shambling mangrove (Swamp:3)
  10 swamp dragons
  16 flayed ghosts
  9 shadow dragon zombies
  18 orc knights
  4 wizards
  36 necromancers
  6 golden dragon skeletons
  10 iron dragon zombies
  3 spectral wolf spiders (Spider:4)
  16 orb spiders
  14 ironbrand convokers
  29 deep elf archers
  32 wolf spiders
  7 wolf spider zombies
  46 ugly things
  3 tengu skeletons
  An oklob plant (Lair:5)
  103 deep elf magi
  6 manticores
  7 orc sorcerers
  5 stone giant zombies
  7 worldbinders
  7 fire giant zombies
  9 cyclopes
  A salamander (shapeshifter) (Depths:2)
  7 frost giant zombies
  8 shadow dragon skeletons
  6 shining eyes
  6 stone giant skeletons
  3 salamanders
  11 frost giant skeletons
  2 naga magi
  10 fire giant skeletons
  2 moths of wrath (Spider:4)
  4 ice statues
  5 titan simulacra (Coc:7)
  5 iron dragon skeletons
  4 human skeletons
  10 elephants
  A toenail golem (Abyss:4)
  Joseph (D:9)
  7 black mambas
  3 guardian serpents
  22 smoke demons
  16 vault sentinels
  8 molten gargoyles
  7 orange demons
  Psyche (D:8)
  5 eyes of devastation
  3 gargoyles
  3 apocalypse crabs
  Maurice (Orc:1)
  35 rust devils
  2 shock serpent zombies
  3 emperor scorpion zombies
  9 storm dragon simulacra
  3 dire elephant zombies
  2 torpor snails
  10 spectral swamp worms (Tar:7)
  A red draconian zombie (Crypt:1)
  20 spiny frogs
  A black draconian zombie (Dis:7)
  A green draconian zombie (Crypt:2)
  5 human zombies
  3 kobold demonologists
  15 efreet
  10 komodo dragons
  43 freezing wraiths
  4 catoblepas zombies
  8 rime drakes
  A yellow draconian zombie (Crypt:3)
  93 yaktaurs
  53 hellions
  5 dire elephant skeletons
  6 spectral redbacks (Spider:4)
  6 catoblepas skeletons
  48 tormentors
  34 red devils
  12 demonic crawlers
  A redback zombie (Spider:4)
  3 anaconda simulacra (Coc:7)
  52 guardian mummies
  38 ice devils
  3 hellwings
  25 ancient zymes
  4 silent spectres
  2 queen bees (shapeshifter)
  6 trolls
  A spectral tarantella (Spider:4)
  2 elf skeletons (Vaults:5)
  3 tengu conjurers
  A queen ant zombie (Crypt:2)
  7 tyrant leeches
  3 harpy zombies
  19 hydra zombies
  2 minotaur skeletons
  12 polar bears
  5 meliai (Abyss:4)
  A queen bee (Abyss:4)
  45 raiju
  4 spectral jumping spiders (Spider:4)
  29 two-headed ogres
  A wolf spider simulacrum (Abyss:3)
  A hornet (shapeshifter) (Abyss:4)
  A two-headed ogre (shapeshifter) (Depths:3)
  27 jumping spiders
  34 blink frogs
  2 jumping spider zombies (Spider:4)
  A polar bear (shapeshifter) (Vaults:1)
  A shadow dragon simulacrum (Crypt:3)
  3 harpy skeletons
  96 slime creatures
  A dream sheep (shapeshifter) (Vaults:5)
  7 ettin zombies
  30 hornets
  8 fire dragon zombies
  Grinder (D:3)
  10 alligator zombies
  9 hydra skeletons
  A blink frog (shapeshifter) (Depths:1)
  A stone giant simulacrum (Crypt:3)
  5 ice dragon zombies
  6 bog bodies
  3 black mamba zombies
  3 human simulacra
  138 flying skulls
  18 spriggans
  A fire giant simulacrum (Vaults:5)
  6 hippogriffs
  A tarantella (shapeshifter) (Depths:5)
  61 large abominations
  8 ettin skeletons
  7 fire dragon skeletons
  4 ice dragon skeletons
  38 shadows
  18 fire bats
  64 redbacks
  10 air elementals
  16 ynoxinuls
  15 water elementals
  33 tarantellas
  4 wyverns
  30 wraiths
  37 yaks
  14 ushabtiu
  4 alligator skeletons
  17 humans (D:14)
  4 black mamba skeletons
  A basilisk (shapeshifter) (Depths:2)
  41 fire elementals
  2 humans (shapeshifter)
  A wind drake zombie (Crypt:3)
  12 golden eyes
  3 steam dragons
  2 basilisks
  A hog (Abyss:4)
  Grum (D:8)
  21 chaos spawn
  8 hungry ghosts
  14 neqoxecs
  5 spatial vortices
  30 vampire mosquitoes
  Menkaure (D:7)
  6 mottled dragons
  A monstrous demonspawn zombie (Coc:7)
  A soldier ant (shapeshifter) (Abyss:3)
  24 swamp worms
  Edmund (D:6)
  A naga (shapeshifter) (Abyss:4)
  5 nagas
  21 insubstantial wisps
  10 wargs
  A torturous demonspawn zombie (Crypt:2)
  14 spiny frog zombies
  13 hydra simulacra
  A water nymph skeleton (Crypt:3)
  10 water moccasins
  93 hell hounds
  3 spectral hornets (Spider:4)
  A black bear (shapeshifter) (Vaults:4)
  15 swamp drakes
  9 porcupines
  60 orc warriors
  6 spiny frog skeletons
  7 ice beasts
  5 sky beasts
  2 alligator simulacra
  A merfolk skeleton (Geh:7)
  An ice dragon simulacrum (Tar:4)
  A black bear (D:9)
  An elf simulacrum (Vaults:5)
  An ettin simulacrum (Crypt:1)
  3 swamp dragon zombies
  5 manticore zombies
  83 ogres
  10 eyes of draining
  10 phantoms
  32 necrophages
  4 snapping turtle zombies
  9 boggarts
  4 manticore skeletons
  24 wolves
  20 centaurs
  A wolf (shapeshifter) (Abyss:3)
  9 snapping turtle skeletons
  2 swamp dragon skeletons
  11 crocodiles
  13 bullfrogs
  4 big kobolds
  2 elf zombies
  3 earth elementals
  A deep troll simulacrum (Vaults:5)
  4 spiny frog simulacra
  2 wyvern skeletons
  10 scorpions
  42 small abominations
  14 killer bees
  A spriggan zombie (Dis:5)
  A snapping turtle simulacrum (Abyss:4)
  118 wights
  A spriggan skeleton (Tar:6)
  2 electric eels (Spider:3)
  19 crimson imps
  7 centaur zombies
  6 howler monkeys
  2 bullfrog zombies
  7 hounds
  11 quasits
  A gnoll shaman (D:5)
  27 iron imps
  9 jellies
  24 orc wizards
  A soldier ant zombie (Crypt:2)
  26 orc priests
  Crazy Yiuf (D:2)
  4 centaur skeletons
  Jessica (D:2)
  Natasha (thrice) (D:4)
  Terence (D:2)
  7 iguanas
  A demonspawn skeleton (Crypt:2)
  11 worker ants
  2 lightning spires (Abyss:3)
  3 naga zombies
  2 tengu zombies
  A dwarf zombie (Crypt:2)
  3 ogre zombies
  An ogre skeleton (Tar:2)
  A dwarf skeleton (Crypt:3)
  A hound zombie (D:11)
  2 hound skeletons
  52 mummies
  8 adders
  10 gnolls
  23 shadow imps
  13 white imps
  2 ufetubi (Abyss:3)
  An ooze (Depths:3)
  2 adder zombies (D:5)
  An iguana skeleton (Crypt:3)
  An adder skeleton (Crypt:2)
  6 worms
  6 leopard geckos
  124 orcs
  12 bats
  A bat skeleton (Crypt:1)
  A bat zombie (Crypt:1)
  8 giant cockroaches
  11 goblins
  5 hobgoblins
  5 jackals (D:5)
  2 quokkas (D:9)
  2 ball pythons
  5 frilled lizards
  A goblin zombie (Crypt:1)
  2 jackal skeletons
  19 kobolds
  A kobold skeleton (Crypt:1)
  A kobold zombie (Geh:7)
  3 orc skeletons
  16 rats
  A river rat skeleton (Crypt:1)
  2 briar patches (Swamp:4)
  A crawling corpse (Vaults:5)
  A lurking horror (Abyss:4)
  22 starspawn tentacles
  2 tentacles (Coc:7)
5464 creatures vanquished.

Vanquished Creatures (collateral kills)
  Antaeus (Coc:7)
  Ereshkigal (Tar:7)
  6 greater mummies (Tomb:1)
  A shard shrike (Coc:7)
  A doom hound (Tar:7)
  A lich (Tomb:1)
  A Tzitzimitl (Tar:7)
  2 Ice Fiends
  3 reapers
  A green death (Geh:7)
  A mummy priest (Tomb:1)
  A quicksilver dragon skeleton (Tar:7)
  A hell beast (Dis:7)
  A hell knight (Geh:7)
  5 skeletal warriors
  2 shadow demons (Tar:7)
  A flayed ghost (Tar:7)
  A wolf spider zombie (Geh:7)
  A shock serpent zombie (Geh:7)
  A frost giant skeleton (Coc:7)
  A rust devil (Dis:7)
  A fire giant skeleton (Geh:7)
  2 molten gargoyles (Geh:7)
  4 guardian mummies
  An alligator zombie (Coc:7)
  2 ettin zombies
  3 flying skulls (Geh:7)
  A fire dragon skeleton (Tomb:1)
  4 ushabtiu
  A fire elemental (Geh:7)
  4 yaks (Lair:3)
  A black mamba skeleton (Geh:7)
  3 hell hounds (Geh:7)
  An alligator simulacrum (Coc:7)
  A wolf (Lair:3)
  A crimson imp (Geh:7)
  A naga skeleton (Tar:7)
  3 mummies
  A shadow imp (Tar:7)
  A tentacle (Coc:7)
70 creatures vanquished.

Vanquished Creatures (others)
  A lich (Tomb:2)
  2 titans (Tomb:2)
  2 elemental wellsprings (Coc:7)
  53 death scarabs
  A hell hog (Geh:4)
  A queen bee (shapeshifter) (Abyss:4)
  A hydra skeleton (Geh:3)
  2 flying skulls (Tomb:2)
  A shadow (Geh:7)
  A basilisk (Lair:6)
  2 large abominations (Abyss:2)
  A fire bat (Abyss:4)
  A hell hound (Abyss:3)
  An orc warrior (Vaults:4)
  A slave (D:7)
  A swamp dragon zombie (Tomb:3)
  A boggart (Depths:3)
  An ogre (Vaults:2)
  A necrophage (Tar:6)
  A small abomination (Abyss:4)
  3 wights
  2 iron imps
  An orc wizard (D:4)
  A spriggan simulacrum (Coc:7)
  A mummy (Tomb:2)
  14 briar patches (Swamp:4)
  14 fungi
  3 lurking horrors
  9 plants
  46 starspawn tentacles
  18 tentacles
188 creatures vanquished.

Grand Total: 5722 creatures vanquished

Notes
Turn   | Place    | Note
-------+----------+-------------------------------------------
     0 | D:1      | TheSquall the Minotaur Fighter began the quest for the Orb.
     0 | D:1      | Reached XP level 1. HP: 19/19 MP: 0/0
   350 | D:1      | Reached XP level 2. HP: 26/26 MP: 1/1
   534 | D:2      | Noticed Terence
   543 | D:2      | Killed Terence
   543 | D:2      | Reached XP level 3. HP: 25/31 MP: 2/2
   794 | D:2      | Found a runed door.
   921 | D:2      | Reached skill level 5 in Long Blades
  1088 | D:2      | Noticed Jessica
  1093 | D:2      | Killed Jessica
  1093 | D:2      | Reached XP level 4. HP: 34/39 MP: 3/3
  1347 | D:2      | Noticed Crazy Yiuf
  1352 | D:2      | Killed Crazy Yiuf
  1352 | D:2      | Reached XP level 5. HP: 37/45 MP: 0/4
  1655 | D:3      | Found a shattered altar of Ashenzari.
  1659 | D:3      | Saw a vision of the Swamp and the Spider Nest.
  1659 | D:3      | Noticed a redback
  1659 | D:3      | Noticed a redback
  1659 | D:3      | Noticed a wolf spider
  1659 | D:3      | Noticed a wolf spider
  1659 | D:3      | Noticed a wolf spider
  1659 | D:3      | Noticed an alligator
  1659 | D:3      | Noticed an alligator
  1659 | D:3      | Noticed a water moccasin
  1659 | D:3      | Noticed a water moccasin
  1666 | D:3      | Noticed a water moccasin
  1677 | D:3      | Noticed an ogre
  1686 | D:3      | Killed an ogre
  2257 | D:3      | Noticed Grinder
  2262 | D:3      | Paralysed by Grinder for 5 turns
  2272 | D:3      | Paralysed by Grinder for 3 turns
  2275 | D:3      | Killed Grinder
  2275 | D:3      | Reached XP level 6. HP: 6/51 MP: 5/5
  2586 | D:3      | Noticed a moth of wrath
  2628 | D:3      | Found a bloodstained altar of Trog.
  3227 | D:4      | Found an iron altar of Okawaru.
  3383 | D:4      | Reached XP level 7. HP: 49/57 MP: 6/6
  3395 | D:4      | Noticed Natasha
  3408 | D:4      | Killed Natasha
  3488 | D:4      | Noticed Natasha
  3493 | D:4      | Killed Natasha
  3516 | D:4      | Became a worshipper of Warmaster Okawaru
  3553 | D:4      | Found an ancient bone altar of Kikubaaqudgha.
  3563 | D:4      | Reached skill level 10 in Long Blades
  3662 | D:4      | Found a glowing golden altar of the Shining One.
  3756 | D:4      | Noticed Natasha
  3778 | D:4      | Killed Natasha
  3895 | D:5      | Entered Level 5 of the Dungeon
  3916 | D:5      | Noticed a dagger
  3927 | D:5      | Found a hide-covered altar of Uskayaw.
  3927 | D:5      | Noticed a dagger
  3957 | D:5      | Reached * piety under Okawaru
  4033 | D:5      | Reached XP level 8. HP: 29/64 MP: 7/7
  4572 | D:5      | Found Ruwepecite's Assorted Antiques.
  4575 | D:5      | Bought a scroll labeled MIAFASAFFESS for 25 gold pieces
  4575 | D:5      | Bought a coppery potion for 22 gold pieces
  4575 | D:5      | Bought a scroll labeled MIAFASAFFESS for 25 gold pieces
  4575 | D:5      | Bought a yellow potion for 22 gold pieces
  4812 | D:6      | Noticed Edmund
  4827 | D:6      | Killed Edmund
  5082 | D:6      | Got a fine morningstar
  5083 | D:6      | Identified the cursed +0 morningstar "Impslayer" {crush, MP+9 Stlth+} (You found it on level 6 of the Dungeon)
  5204 | D:6      | Found an opulent altar of Gozag.
  5641 | D:7      | Reached ** piety under Okawaru
  5778 | D:7      | Found a staircase to the Ecumenical Temple.
  5787 | D:7      | Noticed Menkaure
  5794 | Temple   | Entered the Ecumenical Temple
  5981 | D:7      | Found Weip's Assorted Antiques.
  5989 | D:7      | Killed Menkaure
  6068 | D:7      | Noticed Pikel
  6110 | D:7      | Killed Pikel
  6110 | D:7      | Reached *** piety under Okawaru
  6110 | D:7      | Reached XP level 9. HP: 60/70 MP: 8/8
  6556 | D:8      | Noticed Grum
  6557 | D:8      | Found a staircase to the Lair.
  6716 | D:8      | Killed Grum
  6767 | D:8      | Found a burning altar of Makhleb.
  6819 | D:8      | Found a blossoming altar of Fedhas.
  6839 | D:8      | Found a sparkling altar of Nemelex Xobeh.
  6863 | D:8      | Reached skill level 5 in Armour
  6881 | D:8      | Got a pair of bloodstained boots
  6892 | D:8      | Identified the +2 pair of boots of Gravitas {Dex+4} (You found it on level 8 of the Dungeon)
  7013 | D:8      | Noticed Psyche
  7026 | D:8      | Killed Psyche
  7026 | D:8      | Reached skill level 5 in Fighting
  7033 | D:8      | Found a radiant altar of Vehumet.
  7033 | D:8      | Found a faded altar of an unknown god.
  7038 | D:8      | Found a faded altar of an unknown god.
  7040 | D:8      | Found a faded altar of an unknown god.
  7041 | D:8      | Found a faded altar of an unknown god.
  7125 | D:8      | Noticed an Executioner
  7320 | D:9      | Reached **** piety under Okawaru
  7391 | D:9      | Noticed Joseph
  7410 | D:9      | Killed Joseph
  7410 | D:9      | Reached XP level 10. HP: 78/86 MP: 9/9
  7556 | D:9      | Found Cesom's Assorted Antiques.
  7561 | D:9      | Bought a scroll labeled WINNOISEBEWN for 30 gold pieces
  7566 | D:9      | Reached skill level 10 in Fighting
  7566 | D:9      | Reached XP level 11. HP: 89/101 MP: 10/10
  7567 | D:9      | Reached XP level 12. HP: 100/113 MP: 11/11
  7950 | D:9      | Found Gadal's Armour Shop.
  7968 | D:9      | Noticed Erolcha
  7981 | D:9      | Killed Erolcha
  8524 | D:10     | Entered Level 10 of the Dungeon
  9013 | D:11     | Reached ***** piety under Okawaru
  9149 | D:11     | Noticed pahom328dancer's ghost (novice DsMo)
  9193 | D:11     | Killed pahom328dancer's ghost
  9230 | D:11     | Found a staircase to the Orcish Mines.
  9453 | D:11     | Got a twisted hand axe
  9491 | D:11     | Found a viscous altar of Jiyva.
  9806 | D:11     | Noticed an eight-headed hydra
 10633 | D:12     | Received a gift from Okawaru
 10966 | D:12     | Got a faintly glowing cloak
 10982 | D:12     | Identified the cursed -7 cloak of the Failed Coup {Regen+ Int+4} (You found it on level 12 of the Dungeon)
 11350 | D:12     | Found Cedy's Assorted Antiques.
 11374 | D:12     | Found Zuhih Dik's Armour Shop.
 11380 | D:12     | Bought the +3 pair of gauntlets of War {Slay+5} for 665 gold pieces
 11706 | D:12     | Found a shadowy altar of Dithmenos.
 11787 | D:13     | Found Qeopneho's Antique Armour Boutique.
 11864 | D:13     | Noticed a centaur warrior
 11876 | D:13     | Killed a centaur warrior
 11876 | D:13     | Reached skill level 15 in Armour
 11876 | D:13     | Reached XP level 13. HP: 91/125 MP: 12/12
 11916 | D:13     | Reached skill level 15 in Fighting
 12436 | D:13     | Identified the +4 hand axe "Hydrabane" {flame, rF+} (You found it on level 11 of the Dungeon)
 13330 | D:14     | Got an iridescent long sword
 13331 | D:14     | Identified the +4 long sword of Tacuoqap {holy, *Slow rElec rC+ rN+} (You found it on level 14 of the Dungeon)
 13343 | D:14     | Found a gate to the Vaults.
 13399 | D:14     | Reached ****** piety under Okawaru
 13410 | D:14     | Received a gift from Okawaru
 14341 | D:15     | Entered Level 15 of the Dungeon
 14540 | D:15     | Received a gift from Okawaru
 14850 | D:15     | Reached XP level 14. HP: 134/140 MP: 13/13
 14881 | D:15     | Found an ancient bone altar of Kikubaaqudgha.
 15008 | D:15     | Found a staircase to the Depths.
 15582 | D:14     | Received a gift from Okawaru
 16076 | Lair:1   | Entered Level 1 of the Lair of Beasts
 17454 | Lair:3   | Gained mutation: Scrolls take you a little longer to read. [potion of mutation]
 17454 | Lair:3   | Gained mutation: Your magical capacity is low. (-10% MP) [potion of mutation]
 17454 | Lair:3   | Gained mutation: You evolve. [potion of mutation]
 17480 | Lair:3   | Found a frozen archway.
 17530 | IceCv    | Entered an ice cave
 17888 | IceCv    | Gained mutation: Your spells are a little harder to cast, but a little more powerful. [evolution]
 18454 | IceCv    | Noticed a frost giant
 18490 | IceCv    | Killed a frost giant
 19105 | Lair:3   | Found a hole to the Spider Nest.
 19148 | Lair:3   | Received a gift from Okawaru
 19402 | D:9      | Bought a potion of mutation for 75 gold pieces
 19402 | D:9      | Gained mutation: You are robust. (+10% HP) [potion of mutation]
 19402 | D:9      | Lost mutation: Your spells are a little harder to cast, but a little more powerful. [potion of mutation]
 19402 | D:9      | Gained mutation: Your body sometimes deteriorates upon taking damage. [potion of mutation]
 20471 | Lair:4   | Found a staircase to the Swamp.
 21257 | Lair:5   | Reached XP level 15. HP: 164/166 MP: 12/12
 21313 | Lair:5   | Received a gift from Okawaru
 22098 | Lair:6   | Entered Level 6 of the Lair of Beasts
 22647 | Lair:6   | Found a runed door.
 22653 | Lair:6   | Found a viscous altar of Jiyva.
 22657 | Lair:6   | Found a staircase to the Slime Pits.
 22658 | Lair:6   | Noticed an acid blob
 24624 | Orc:1    | Entered Level 1 of the Orcish Mines
 24624 | Orc:1    | Found Jogad's Quality Used Wands.
 24629 | Orc:1    | Noticed Maurice
 24634 | Orc:1    | Killed Maurice
 24882 | Orc:1    | Paralysed by an orc sorcerer for 7 turns
 25078 | Orc:1    | Gained mutation: Your mind is acute. (Int +2) [evolution]
 25220 | Orc:2    | Entered Level 2 of the Orcish Mines
 25238 | Orc:2    | Received a gift from Okawaru
 25577 | Orc:2    | Noticed BoredOne's ghost (journeyman HOMo)
 25586 | Orc:2    | Killed BoredOne's ghost
 25605 | Orc:2    | Found Pycy's Antique Armour Shop.
 25662 | Orc:2    | Found Maall's Jewellery Shoppe.
 26383 | Orc:2    | Paralysed by an orc sorcerer for 4 turns
 26643 | Orc:2    | Found Vitoptir's Antique Weapon Shop.
 26843 | Orc:2    | Found Gogymin's General Store.
 26868 | Orc:2    | Bought a +2 cloak of poison resistance for 296 gold pieces
 27011 | Orc:2    | Reached XP level 16. HP: 88/181 MP: 13/13
 27440 | Orc:2    | Gained mutation: Your muscles are strong. (Str +2) [a neqoxec]
 27690 | Orc:2    | Found a staircase to the Elven Halls.
 28125 | Swamp:1  | Entered Level 1 of the Swamp
 28589 | Swamp:1  | Noticed a thorn hunter
 28599 | Swamp:1  | Killed a thorn hunter
 28599 | Swamp:1  | Received a gift from Okawaru
 29036 | Swamp:2  | Received a gift from Okawaru
 30255 | Swamp:3  | Noticed a thorn hunter
 30276 | Swamp:3  | Killed a thorn hunter
 30276 | Swamp:3  | Received a gift from Okawaru
 30286 | Swamp:3  | Noticed a thorn hunter
 30298 | Swamp:3  | Killed a thorn hunter
 30515 | Swamp:4  | Entered Level 4 of the Swamp
 30613 | Swamp:4  | Noticed a thorn hunter
 30619 | Swamp:4  | Noticed the 27-headed Lernaean hydra
 32283 | Swamp:4  | Lost mutation: Your magical capacity is low. (-10% MP) [evolution]
 32283 | Swamp:4  | Lost mutation: You evolve. [end of evolution]
 32502 | Swamp:4  | Reached XP level 17. HP: 193/193 MP: 16/16
 33255 | Swamp:4  | Killed the 24-headed Lernaean hydra
 33255 | Swamp:4  | Received a gift from Okawaru
 33258 | Swamp:4  | Got a faintly humming cloak {god gift}
 33386 | Swamp:4  | Reached skill level 5 in Shields
 33605 | Swamp:4  | Identified the +0 cloak "Nuqi" {Str+2 Dex+5 Slay+3} (Okawaru gifted it to you on level 4 of the Swamp)
 34157 | Swamp:4  | Got a decaying rune of Zot
 34711 | Depths:1 | Entered Level 1 of the Depths
 35141 | Depths:1 | Found a gateway to Hell.
 35212 | Depths:1 | Got a twisted cloak
 35326 | Depths:1 | Identified the +0 cloak of the Peasants {*Slow Str+5 Int+3} (You found it on level 1 of the Depths)
 35847 | Spider:1 | Entered Level 1 of the Spider Nest
 35863 | Lair:3   | Identified a scroll of acquirement
 36588 | Spider:1 | Received a gift from Okawaru
 36595 | Spider:1 | Got an encrusted long sword {god gift}
 36605 | Spider:1 | Identified the +11 long sword "Geva" {slice, Str+5} (Okawaru gifted it to you on level 1 of the Spider Nest)
 38572 | Spider:3 | Received a gift from Okawaru
 38589 | Spider:3 | Reached XP level 18. HP: 206/206 MP: 17/17
 39508 | Spider:4 | Entered Level 4 of the Spider Nest
 39745 | Spider:4 | Reached skill level 10 in Shields
 40339 | Spider:4 | Got a gossamer rune of Zot
 40494 | Spider:4 | Received a gift from Okawaru
 41964 | Depths:1 | Received a gift from Okawaru
 42366 | Depths:1 | Reached XP level 19. HP: 62/217 MP: 18/18
 43097 | Depths:2 | Received a gift from Okawaru
 44828 | Depths:2 | Noticed a juggernaut
 44856 | Depths:2 | Killed a juggernaut
 45199 | Depths:3 | Found Zisegg's Assorted Antiques.
 45824 | Depths:3 | Paralysed by a great orb of eyes for 3 turns
 46126 | Depths:3 | Noticed Margery
 46321 | Depths:3 | Killed Margery
 46667 | Depths:3 | Received a gift from Okawaru
 46688 | Depths:3 | Noticed Mennas
 46716 | Depths:3 | Killed Mennas
 46716 | Depths:3 | Received a gift from Okawaru
 46716 | Depths:3 | Reached XP level 20. HP: 104/228 MP: 19/19
 46717 | Depths:3 | Got a faintly glowing cloak {god gift}
 46728 | Depths:3 | Identified the -5 cloak "Wipubot" {SInv} (Okawaru gifted it to you on level 3 of the Depths)
 46740 | Depths:3 | Got a brightly glowing large shield
 46752 | Depths:3 | Identified the +7 large shield of the Known World {*Corrode rC+ Dex+5} (You took it off Mennas on level 3 of the Depths)
 47354 | Depths:3 | Reached skill level 15 in Shields
 47481 | Depths:3 | Gained mutation: Your mind is very acute. (Int +4) [potion of beneficial mutation]
 47493 | Depths:3 | Got a transparent silver ring
 48021 | Depths:3 | Identified the ring "Riblaypn" {Wiz MP+9} (You took it off a spriggan berserker on level 3 of the Depths)
 48300 | Depths:3 | Found a one-way gate leading to the halls of Pandemonium.
 48804 | Hell     | Entered the Vestibule of Hell
 48804 | Hell     | Noticed Geryon
 48985 | Depths:4 | Received a gift from Okawaru
 49013 | Depths:4 | Noticed a golden dragon
 49280 | Depths:4 | Killed a golden dragon
 49303 | Depths:4 | Noticed a caustic shrike
 49310 | Depths:4 | Killed a caustic shrike
 49317 | Depths:4 | Received a gift from Okawaru
 49378 | Depths:4 | Paralysed by a hornet for 2 turns
 50221 | Depths:4 | Reached XP level 21. HP: 241/241 MP: 20/20
 50437 | Depths:4 | Found a one-way gate to the infinite horrors of the Abyss.
 51101 | Depths:4 | Noticed a caustic shrike
 51113 | Depths:4 | Killed a caustic shrike
 51281 | Depths:5 | Entered Level 5 of the Depths
 51328 | Depths:5 | Received a gift from Okawaru
 51634 | Depths:5 | Found a gateway to a ziggurat.
 51775 | Depths:5 | Found a sparkling altar of Nemelex Xobeh.
 51870 | Depths:5 | Found a gate to the Realm of Zot.
 51892 | Depths:5 | Noticed Sojobo
 52258 | Depths:5 | Killed Sojobo
 53041 | Depths:5 | Found Toogontobu's Jewellery Shop.
 53042 | Depths:5 | Found Zuokh's Gadget Emporium.
 53043 | Depths:5 | Found Wiw Likehu's Jewellery Shop.
 53057 | Depths:5 | Bought the cursed ring of the Queen {rElec rF+ Str-2} for 297 gold pieces
 53346 | Elf:1    | Entered Level 1 of the Elven Halls
 53349 | Elf:1    | Received a gift from Okawaru
 53370 | Elf:1    | Got a pair of crude boots {god gift}
 53373 | Elf:1    | Identified the +5 pair of boots of Patience {rPois} (Okawaru gifted it to you on level 1 of the Elven Halls)
 53397 | Elf:1    | Noticed Azrael
 53412 | Elf:1    | Killed Azrael
 53590 | Elf:1    | Found Aschuafy's Assorted Antiques.
 53594 | Elf:1    | Bought a potion of heal wounds for 195 gold pieces
 53594 | Elf:1    | Bought a potion of heal wounds for 195 gold pieces
 53594 | Elf:1    | Bought a scroll of teleportation for 117 gold pieces
 53709 | Elf:1    | Reached XP level 22. HP: 253/253 MP: 21/21
 54683 | Elf:2    | Got a translucent long sword {flame}
 54686 | Elf:2    | Identified the +9 long sword of Sycin {flame, rN++} (You took it off a deep elf knight on level 2 of the Elven Halls)
 54753 | Elf:2    | Found a runed gate.
 54753 | Elf:2    | Found a runed gate.
 54753 | Elf:2    | Found a runed gate.
 54946 | Elf:2    | Noticed Saint Roka
 55035 | Elf:2    | Killed Saint Roka
 55149 | Elf:2    | Found a portal to a secret trove of treasure.
 55295 | Elf:2    | Reached skill level 27 in Armour
 55548 | Elf:3    | Entered Level 3 of the Elven Halls
 55574 | Elf:3    | Received a gift from Okawaru
 55574 | Elf:3    | Reached skill level 27 in Fighting
 55730 | Elf:3    | Cast into level 2 of the Abyss (a deep elf sorcerer)
 55752 | Abyss:2  | Found a corrupted altar of Lugonu.
 56215 | Abyss:2  | Gained mutation: You are clumsy. (Dex -2) [a cacodemon]
 56467 | Abyss:2  | Gained mutation: Your spells are a little easier to cast, but a little less powerful. [a neqoxec]
 56522 | Elf:3    | Escaped the Abyss
 56559 | Elf:3    | Found Foriaqocymn's Food Shoppe.
 56579 | Elf:3    | Received a gift from Okawaru
 56644 | Elf:3    | Cast into level 3 of the Abyss (a deep elf sorcerer)
 56662 | Abyss:3  | Found a hazy altar of Hepliaklqana.
 56674 | Abyss:3  | Found a hazy altar of Hepliaklqana.
 56934 | Elf:3    | Escaped the Abyss
 57919 | Elf:3    | Reached XP level 23. HP: 264/264 MP: 22/22
 58049 | Elf:3    | Received a gift from Okawaru
 58436 | Elf:3    | Got a flickering crystal amulet
 58500 | Elf:3    | Identified the amulet "Secikkav" {+Rage rN+ Int+3} (You took it off a deep elf demonologist on level 3 of the Elven Halls)
 59597 | Vaults:1 | Entered Level 1 of the Vaults
 59930 | Vaults:1 | Noticed Aizul
 59937 | Vaults:1 | Killed Aizul
 60151 | Vaults:1 | Found Afyshaq's Distillery.
 61129 | Vaults:1 | Received a gift from Okawaru
 61994 | Vaults:2 | Got a dazzling morningstar
 61997 | Vaults:2 | Identified the +6 morningstar "Jomacwie" {holy, Str-3 Int+8} (You found it on level 2 of the Vaults)
 62610 | Vaults:3 | Found a staircase to the Crypt.
 62730 | Vaults:3 | Found Ucsassar's Weapon Shoppe.
 62851 | Vaults:3 | Reached XP level 24. HP: 269/273 MP: 22/22
 63075 | Vaults:3 | Received a gift from Okawaru
 63797 | Vaults:4 | Gained mutation: Your magical capacity is low. (-10% MP) [a neqoxec]
 63849 | Vaults:4 | Got a flickering marble ring
 63852 | Vaults:4 | Identified the ring "Ferphami" {rPois Int+3} (You found it on level 4 of the Vaults)
 64541 | Vaults:4 | Received a gift from Okawaru
 64714 | Vaults:4 | Reached skill level 27 in Shields
 64916 | Vaults:5 | Entered Level 5 of the Vaults
 64925 | Vaults:4 | Reached skill level 15 in Long Blades
 65057 | Vaults:4 | Received a gift from Okawaru
 65187 | Vaults:5 | Received a gift from Okawaru
 65280 | Vaults:5 | Reached XP level 25. HP: 115/282 MP: 19/19
 66203 | Vaults:5 | Received a gift from Okawaru
 66901 | Vaults:5 | Got a silver rune of Zot
 67031 | Vaults:5 | Received a gift from Okawaru
 67445 | Vaults:5 | Paralysed by an ogre mage for 2 turns
 67589 | Vaults:5 | Got an uncursed steaming falchion {speed}
 67593 | Vaults:5 | Identified the +10 falchion of Slime {speed, rF+ rC++ Dex+3 Stlth-} (You took it off an ironheart preserver on level 5 of the Vaults)
 67775 | Vaults:5 | Got a bloodstained plate armour
 67778 | Vaults:5 | Identified the +1 plate armour of Qups {rC+} (You found it on level 5 of the Vaults)
 67785 | Vaults:5 | Got a pair of ancient boots
 67790 | Vaults:5 | Identified the +2 pair of boots of Asauqimn {rPois rN+++ Dex-2 SInv} (You found it on level 5 of the Vaults)
 68453 | Lair:6   | Reached skill level 1 in Invocations
 68498 | Slime:1  | Entered Level 1 of the Pits of Slime
 68594 | Slime:1  | HP: 13/282 [acid (11)]
 69336 | Hell     | Noticed Murray
 69361 | Depths:1 | Reached XP level 26. HP: 279/292 MP: 14/21
 69504 | Depths:1 | Paralysed by fainting for 12 turns
 69520 | Depths:1 | Killed Murray
 69520 | Depths:1 | Received a gift from Okawaru
 70270 | Depths:1 | Reached skill level 5 in Invocations
 70362 | Hell     | Killed Geryon
 70877 | Hell     | Found a gateway to the Iron City of Dis.
 71073 | Hell     | Found a gateway to the freezing wastes of Cocytus.
 71139 | Hell     | Found a gateway to the decaying netherworld of Tartarus.
 71200 | Hell     | Found a gateway to the ashen valley of Gehenna.
 71658 | Depths:4 | Cast into level 4 of the Abyss (a distortion unwield)
 71700 | Abyss:4  | Found a corrupted altar of Lugonu.
 71746 | Abyss:4  | Found a corrupted altar of Lugonu.
 72276 | Depths:4 | Escaped the Abyss
 72740 | Crypt:1  | Entered Level 1 of the Crypt
 73716 | Crypt:2  | Received a gift from Okawaru
 74575 | Crypt:3  | Entered Level 3 of the Crypt
 75058 | Crypt:3  | Reached XP level 27. HP: 270/300 MP: 24/24
 75344 | Crypt:3  | Got a faintly glowing falchion
 75347 | Crypt:3  | Identified the +7 falchion of Reinforcement {venom, Str+4} (You found it on level 3 of the Crypt)
 75353 | Crypt:3  | Noticed an ancient lich
 75353 | Crypt:3  | Noticed an ancient lich
 75377 | Crypt:3  | Noticed an ancient lich
 75579 | Crypt:2  | Killed an ancient lich
 75598 | Crypt:2  | Killed an ancient lich
 75736 | Crypt:3  | Killed an ancient lich
 75798 | Crypt:3  | Got a steaming steel ring
 75801 | Crypt:3  | Identified the ring "Ysob Keu" {rPois MR+ MP+9 Str+4 SInv} (You found it on level 3 of the Crypt)
 75826 | Crypt:3  | Found a staircase to the Tomb.
 76241 | Crypt:3  | Received a gift from Okawaru
 77437 | D:4      | Fell from the grace of Okawaru
 77437 | D:4      | Became a worshipper of the Shining One
 77910 | Tomb:1   | Entered Level 1 of the Tomb of the Ancients
 77980 | Tomb:1   | Reached * piety under the Shining One
 78019 | Tomb:1   | Reached ** piety under the Shining One
 78169 | Tomb:1   | Reached *** piety under the Shining One
 78195 | Tomb:1   | Reached skill level 27 in Long Blades
 78621 | Tomb:1   | Noticed a greater mummy
 78636 | Tomb:1   | Killed a greater mummy
 78972 | Tomb:1   | Reached skill level 10 in Invocations
 78995 | Tomb:1   | Reached **** piety under the Shining One
 79066 | Tomb:1   | Noticed a greater mummy
 79080 | Tomb:1   | Killed a greater mummy
 79239 | Tomb:1   | Reached ***** piety under the Shining One
 79682 | Tomb:1   | Noticed a greater mummy
 79693 | Tomb:1   | Killed a greater mummy
 80351 | Tomb:2   | Noticed a greater mummy
 80354 | Tomb:2   | Noticed a greater mummy
 80603 | Tomb:2   | Noticed a greater mummy
 80720 | Tomb:2   | Noticed a greater mummy
 80733 | Tomb:1   | Killed a greater mummy
 80916 | Tomb:1   | Killed a greater mummy
 81031 | Tomb:2   | Killed a greater mummy
 81329 | Tomb:1   | Killed a greater mummy
 81865 | Tomb:2   | Reached ****** piety under the Shining One
 83709 | Tomb:1   | Noticed a greater mummy
 83711 | Tomb:1   | Noticed a greater mummy
 84176 | Tomb:1   | Noticed a greater mummy
 84177 | Tomb:1   | Noticed a greater mummy
 84178 | Tomb:1   | Noticed a greater mummy
 84195 | Tomb:1   | Killed a greater mummy
 84488 | Tomb:1   | Noticed a greater mummy
 84500 | Tomb:1   | Killed a greater mummy
 84506 | Tomb:1   | Killed a greater mummy
 84509 | Tomb:1   | Noticed a greater mummy
 84509 | Tomb:1   | Noticed a greater mummy
 84521 | Tomb:1   | Killed a greater mummy
 84532 | Tomb:1   | Killed a greater mummy
 84532 | Tomb:1   | Reached skill level 15 in Invocations
 84535 | Tomb:1   | Killed a greater mummy
 84588 | Tomb:1   | Noticed a greater mummy
 84594 | Tomb:1   | Killed a greater mummy
 84594 | Tomb:1   | HP: 4/294 [greater mummy's death curse (23)]
 85021 | Tomb:1   | Noticed a greater mummy
 85031 | Tomb:1   | Killed a greater mummy
 85039 | Tomb:1   | Noticed a greater mummy
 85044 | Tomb:1   | Killed a greater mummy
 85466 | Tomb:3   | Entered Level 3 of the Tomb of the Ancients
 85486 | Tomb:3   | Noticed a greater mummy
 85487 | Tomb:3   | Noticed a greater mummy
 85734 | Tomb:2   | Reached skill level 1 in Dodging
 85752 | Tomb:3   | Noticed a greater mummy
 86042 | Tomb:3   | Noticed a greater mummy
 86057 | Tomb:2   | Killed a greater mummy
 86532 | Tomb:2   | Was forgiven by Okawaru
 86553 | Tomb:2   | HP: 14/297 [titan/the air[the fury of Okawaru] (19)]
 87232 | Tomb:2   | Killed a greater mummy
 87774 | Tomb:2   | Killed a greater mummy
 87774 | Tomb:2   | Reached skill level 5 in Dodging
 87971 | Tomb:3   | Identified Naawniho's Incunabulum of Noxious Beguiling
 88063 | Tomb:3   | Got a heavily runed amber ring
 88066 | Tomb:3   | Identified the ring of the Fiend {*Corrode Str+5 Dex+5 Stlth-} (You found it on level 3 of the Tomb of the Ancients)
 88100 | Tomb:3   | Noticed Khufu
 88113 | Tomb:3   | Killed Khufu
 88127 | Tomb:3   | Noticed a greater mummy
 88137 | Tomb:3   | Killed a greater mummy
 88223 | Tomb:3   | Noticed a greater mummy
 88245 | Tomb:3   | Killed a greater mummy
 88277 | Tomb:3   | Noticed a greater mummy
 88296 | Tomb:3   | Killed a greater mummy
 88307 | Tomb:3   | Got a golden rune of Zot
 88446 | Tomb:3   | Got a brightly glowing tin ring
 88448 | Tomb:3   | Identified the ring of Bacahaas {rF- rN+ Int+4 SInv} (You found it on level 3 of the Tomb of the Ancients)
 89734 | D:4      | Identified a +9 double sword of holy wrath (a +9 double sword of electrocution blessed by the Shining One)
 89734 | D:4      | Received a gift from the Shining One
 90102 | Depths:4 | Voluntarily entered the Abyss.
 90162 | Abyss:2  | Got a fine falchion
 90164 | Abyss:2  | Identified the +6 falchion of Raakuqy {freeze, -Tele +Fly rF+ Int+5} (You found it on level 2 of the Abyss)
 90346 | Abyss:2  | Reached skill level 10 in Dodging
 90727 | Abyss:3  | Paralysed by accursed screaming for 1 turns
 91732 | Abyss:4  | Found a corrupted altar of Lugonu.
 92135 | Abyss:4  | Gained mutation: Your body often deteriorates upon taking damage. [a neqoxec]
 92277 | Abyss:4  | Paralysed by a lich for 7 turns
 92313 | Abyss:4  | Reached skill level 15 in Dodging
 92362 | Abyss:4  | Found a corrupted altar of Lugonu.
 92402 | Abyss:4  | Noticed an ancient lich
 92411 | Abyss:4  | Killed an ancient lich
 92433 | Abyss:4  | Got an abyssal rune of Zot
 92947 | Abyss:4  | Paralysed by accursed screaming for 1 turns
 93050 | Depths:4 | Escaped the Abyss
 93575 | Slime:1  | Gained mutation: Your magical capacity is very low. (-20% MP) [a shining eye]
 93579 | Slime:1  | Gained mutation: Scrolls take you longer to read. [a shining eye]
 93896 | Slime:2  | Gained mutation: Your magical capacity is extremely low. (-30% MP) [a shining eye]
 94395 | Slime:3  | Noticed Schattenjager's ghost (adept MiBe)
 94401 | Slime:3  | Killed Schattenjager's ghost
 94406 | Slime:3  | Lost mutation: You are robust. (+10% HP) [a shining eye]
 94410 | Slime:3  | Gained mutation: You have sharp toenails. [a shining eye]
 94945 | Slime:5  | Entered Level 5 of the Pits of Slime
 95098 | Slime:5  | Gained mutation: You tend to lose your temper in combat. [a shining eye]
 95212 | Slime:5  | Noticed the Royal Jelly
 95227 | Slime:5  | Killed the Royal Jelly
 95713 | Slime:5  | Got a clouded platinum amulet
 95747 | Slime:5  | Identified the amulet of Wanivyes {Harm *Drain rElec rF+ MR-} (You found it on level 5 of the Pits of Slime)
 95751 | Slime:5  | Lost mutation: Your mind is very acute. (Int +4) [a shining eye]
 95752 | Slime:5  | Got a transparent plate armour
 95820 | Slime:5  | Identified the +4 plate armour of the Dice {rF+ Dex+3} (You found it on level 5 of the Pits of Slime)
 95898 | Slime:5  | Got a slimy rune of Zot
 95937 | Slime:5  | Gained mutation: Your spells are easier to cast, but less powerful. [a shining eye]
 95940 | Slime:5  | Gained mutation: You often lose your temper in combat. [a shining eye]
 97074 | Geh:1    | Entered Level 1 of Gehenna
 98720 | Geh:3    | Lost mutation: Your spells are easier to cast, but less powerful. [potion of cure mutation]
 98720 | Geh:3    | Lost mutation: Your body often deteriorates upon taking damage. [potion of cure mutation]
 98720 | Geh:3    | Lost mutation: Scrolls take you longer to read. [potion of cure mutation]
 98720 | Geh:3    | Lost mutation: You are clumsy. (Dex -2) [potion of cure mutation]
 98720 | Geh:3    | Lost mutation: Your muscles are strong. (Str +2) [potion of cure mutation]
 98721 | Geh:3    | Lost mutation: Scrolls take you a little longer to read. [potion of cure mutation]
 98721 | Geh:3    | Lost mutation: Your body sometimes deteriorates upon taking damage. [potion of cure mutation]
 98721 | Geh:3    | Lost mutation: You often lose your temper in combat. [potion of cure mutation]
101568 | Geh:7    | Entered Level 7 of Gehenna
102342 | Geh:7    | Reached skill level 27 in Dodging
102371 | Geh:7    | Gained mutation: Your body sometimes deteriorates upon taking damage. [mutagenic glow]
102384 | Geh:7    | Noticed Asmodeus
102415 | Geh:7    | Killed Asmodeus
102488 | Geh:7    | Got a brightly glowing amber ring
102490 | Geh:7    | Got an obsidian rune of Zot
102492 | Geh:7    | Identified the ring of Hotarawo {rF+ MR+ Str+4 Dex+5} (You found it on level 7 of Gehenna)
103098 | Tar:1    | Entered Level 1 of Tartarus
105196 | Tar:6    | Noticed an ancient lich
105208 | Tar:6    | Killed an ancient lich
105243 | Tar:7    | Entered Level 7 of Tartarus
105578 | Tar:7    | Identified Zecwoo Zoki's Handbook of Conjuration
107732 | Tar:7    | Noticed Ereshkigal
107949 | Tar:7    | Got a crude plate armour
108667 | Tar:7    | Killed Ereshkigal
108718 | Tar:7    | Got a bone rune of Zot
108956 | Hell     | Identified the cursed +0 plate armour of Freedom {rCorr} (You took it off a skeletal warrior on level 7 of Tartarus)
108999 | Coc:1    | Entered Level 1 of Cocytus
109545 | Coc:2    | Reached skill level 27 in Invocations
109582 | Coc:2    | Reached skill level 1 in Stealth
109995 | Coc:6    | Reached skill level 5 in Stealth
110028 | Coc:7    | Entered Level 7 of Cocytus
110171 | Coc:7    | Noticed the Serpent of Hell
110207 | Coc:7    | Killed the Serpent of Hell
110256 | Coc:7    | Reached skill level 10 in Stealth
110706 | Coc:7    | Gained mutation: Scrolls take you a little longer to read. [mutagenic glow]
111326 | Coc:7    | Noticed Antaeus
111388 | Coc:7    | Killed Antaeus
111388 | Coc:7    | Reached skill level 15 in Stealth
111493 | Coc:7    | Got an icy rune of Zot
111510 | Coc:7    | Identified Vauvut Ydghi's Grimoire of Shifting Ice
111913 | D:7      | Bought a scroll of remove curse for 81 gold pieces
111913 | D:7      | Bought a potion of heal wounds for 135 gold pieces
111913 | D:7      | Bought a scroll of teleportation for 81 gold pieces
111913 | D:7      | Bought a scroll of teleportation for 81 gold pieces
111913 | D:7      | Bought 2 scrolls of recharging for 513 gold pieces
112022 | Orc:2    | Bought a bread ration for 80 gold pieces
112022 | Orc:2    | Bought a scroll of recharging for 152 gold pieces
112022 | Orc:2    | Bought a potion of haste for 160 gold pieces
112207 | Dis:1    | Entered Level 1 of the Iron City of Dis
113901 | Dis:7    | Entered Level 7 of the Iron City of Dis
114295 | Dis:7    | Got a vibrating bronze amulet
114298 | Dis:7    | Identified the amulet "Imarakag" {*Slow +Rage Str+3 Int+3} (You found it on level 7 of the Iron City of Dis)
114837 | Dis:7    | Gained mutation: Your body often deteriorates upon taking damage. [a cacodemon]
115168 | Dis:7    | Gained mutation: You occasionally shout uncontrollably at your foes. [mutagenic glow]
115202 | Dis:7    | Gained mutation: You are frail. (-10% HP) [mutagenic glow]
115370 | Dis:7    | Gained mutation: You sometimes yell uncontrollably at your foes. [a cacodemon]
115375 | Dis:7    | Lost mutation: Your magical capacity is extremely low. (-30% MP) [a cacodemon]
115912 | Dis:7    | Noticed Dispater
115944 | Dis:7    | Killed Dispater
115969 | Dis:7    | HP: 11/245 [Brimstone Fiend/damnation[the effects of Hell] (15)]
115971 | Dis:7    | Killed from afar by a Brimstone Fiend

Skill      XL: |  1  2  3  4  5  6  7  8  9 10 11 12 13 14 15 16 17 18 19 20 21 22 23 24 25 26 27 |
---------------+----------------------------------------------------------------------------------+-----
Long Blades    | 3 4 5 6 8 9 11 14 17 22 25 27 | 27.0
Fighting       | 7 10 12 14 17 18 20 22 23 24 25 26 27 | 27.0
Armour         | 7 11 12 15 17 18 20 22 23 24 25 26 27 | 27.0
Shields        | 9 12 14 16 18 21 24 27 | 27.0
Invocations    | 2 7 27 | 27.0
Dodging        | 27 | 27.0
Stealth        | 20 | 20.7

Action                   |  1- 3 |  4- 6 |  7- 9 | 10-12 | 13-15 | 16-18 | 19-21 | 22-24 | 25-27 || total
-------------------------+-------+-------+-------+-------+-------+-------+-------+-------+-------++-------
Melee: Long sword        |    81 |   139 |   382 |   242 |   800 |    27 |       |  1972 |   574 ||  4217
       Headbutt          |    14 |    31 |    79 |   146 |   460 |   498 |   522 |   861 |  4606 ||  7217
       Scimitar          |       |       |       |   235 |   620 |   920 |       |       |       ||  1775
       Hand axe          |       |       |       |       |     4 |       |       |       |       ||     4
       Demon blade       |       |       |       |       |       |   661 |  1203 |   102 |       ||  1966
       Falchion          |       |       |       |       |       |       |       |       |  7135 ||  7135
       Double sword      |       |       |       |       |       |       |       |       |  3091 ||  3091
Invok: Heroism           |       |       |     3 |     4 |    26 |    20 |    25 |    17 |    30 ||   125
       Finesse           |       |       |       |       |     3 |     2 |     4 |       |     5 ||    14
       Summon Divine War |       |       |       |       |       |       |       |       |    35 ||    35
       Divine Shield     |       |       |       |       |       |       |       |       |    18 ||    18
       Brand Weapon With |       |       |       |       |       |       |       |       |     1 ||     1
Evoke: Wand              |       |       |       |       |     3 |     4 |       |    13 |    74 ||    94
  Use: Potion            |     3 |     1 |     7 |     4 |     8 |     7 |     4 |     9 |    30 ||    73
       Scroll            |       |       |    13 |     8 |     7 |     6 |    15 |    20 |    72 ||   141
 Stab: Distracted        |       |       |       |       |     1 |       |       |       |     3 ||     4
       Petrified         |       |       |       |       |       |       |       |       |     1 ||     1
  Eat: Chunk             |     1 |     6 |    13 |    15 |    39 |    33 |    11 |    26 |    32 ||   176
       Pizza             |       |       |     1 |       |     3 |     1 |       |       |     7 ||    12
       Royal jelly       |       |       |       |       |     3 |     3 |     1 |     1 |     1 ||     9
       Beef jerky        |       |       |       |       |     1 |     7 |     6 |       |     2 ||    16
       Fruit             |       |       |       |       |       |     1 |     1 |     1 |     6 ||     9
       Meat ration       |       |       |       |       |       |       |     3 |     2 |    26 ||    31
       Bread ration      |       |       |       |       |       |       |       |       |     1 ||     1
Armor: Scale mail        |    29 |       |       |       |       |       |       |       |       ||    29
       Plate armour      |     8 |    67 |   172 |   245 |  1001 |  1001 |       |       |       ||  2494
       Fire dragon scale |       |       |       |       |    84 |       |       |       |       ||    84
       Crystal plate arm |       |       |       |       |       |   465 |   535 |   643 |  2183 ||  3826
Dodge: Dodged            |    15 |    14 |    46 |    61 |   330 |   458 |   152 |   205 |  1889 ||  3170
Block: Shield            |    31 |    55 |   161 |   164 |   738 |  1075 |   264 |       |       ||  2488
       Large shield      |       |       |       |       |       |       |   818 |  2483 | 10158 || 13459
       Reflection        |       |       |       |       |       |       |       |       |    47 ||    47
       Rpst.: Long sword |     4 |     4 |    13 |     9 |    32 |     2 |       |    33 |    11 ||   108
       Scimitar          |       |       |       |     8 |    35 |    41 |       |       |       ||    84
       Demon blade       |       |       |       |       |       |    45 |    18 |     1 |       ||    64
       Falchion          |       |       |       |       |       |       |       |       |   154 ||   154
       Double sword      |       |       |       |       |       |       |       |       |   110 ||   110
